 Dungeon Crawl Stone Soup version 0.29.1-15-g9cfb28693d (webtiles) character file.

Game seed: 12572509368184426072

2137 sweetbreads the Geomancer (level 9, -6/52 HPs)
             Began as a Gargoyle Earth Elementalist on Apr 20, 2023.
             Was an Initiate of Vehumet.
             Mangled by an ice beast (11 damage)
             ... on level 6 of the Dungeon.
             The game lasted 00:21:51 (6694 turns).

sweetbreads the Geomancer (GrEE)                    Turns: 6694, Time: 00:21:51

Health: -6/52      AC: 13    Str: 11    XL:     9   Next: 30%
Magic:  7/14       EV: 13    Int: 21    God:    Vehumet [......]
Gold:   35         SH:  5    Dex: 10    Spells: 6/15 levels left

rFire   . . .      SeeInvis .   c - +2 short sword (venom)
rCold   . . .      Faith    .   (no shield)
rNeg    + . .      Spirit   .   a - +0 robe
rPois   ∞          Reflect  +   (no helmet)
rElec   +          Harm     .   (no cloak)
rCorr   .          Rampage  .   s - +0 pair of gloves
Will    .....                   (no boots)
Stlth   ++........              H - amulet of reflection
HPRegen 0.17/turn               p - ring of flight
MPRegen 0.14/turn               I - +4 ring of protection

@: flying, studying Dodging
A: sickness immunity, AC +6, negative energy resistance 1, electricity
resistance, torment resistance 1, petrification resistance
a: Renounce Religion


You were on level 6 of the Dungeon.
You worshipped Vehumet.
Vehumet was noncommittal.
You visited 2 branches of the dungeon, and saw 7 of its levels.

You collected 310 gold pieces.
You spent 275 gold pieces at shops.

Inventory:

Hand Weapons
 c - a +2 short sword of venom (weapon)
 d - a +0 mace
 i - a +1 dagger of venom
 m - a +1 vorpal mace
 y - a +3 dagger
 z - a +0 vampiric falchion
 B - a +2 short sword of venom
 D - a +1 vampiric hand axe
Missiles
 k - 10 poisoned darts (quivered)
Armour
 a - a +0 robe (worn)
 s - a +0 pair of gloves (worn)
Magical Staves
 F - a staff of earth
Jewellery
 p - a ring of flight (left hand)
 x - a +6 ring of strength
 H - an amulet of reflection (around neck)
 I - a +4 ring of protection (right hand)
 J - a ring of protection from cold
Wands
 u - a wand of digging (2)
Scrolls
 e - a scroll of teleportation {unknown}
 f - 9 scrolls of identify {unknown}
 o - 2 scrolls of magic mapping {unknown}
 t - 2 scrolls of butterflies {unknown}
 w - a scroll of immolation {unknown}
 A - a scroll of brand weapon {unknown}
 C - 3 scrolls of enchant weapon {unknown}
 G - a scroll of torment {unknown}
Potions
 b - 3 potions of magic
 g - 4 potions of cancellation {unknown}
 h - a potion of haste {unknown}
 j - a potion of heal wounds {unknown}
 l - 3 potions of lignification {unknown}
 n - 2 potions of degeneration {unknown}
 q - a potion of berserk rage {unknown}
 r - a potion of mutation {unknown}
 v - 4 potions of brilliance {unknown}
 E - a potion of ambrosia {unknown}


   Skills:
 - Level 4.0 Fighting
 * Level 5.1 Dodging
 - Level 4.0 Stealth
 * Level 3.9 Spellcasting
 * Level 3.0 Conjurations
 * Level 3.6 Transmutations
 + Level 9.9 Earth Magic


You had 6 spell levels left.
You knew the following spells:

 Your Spells              Type           Power      Damage    Failure   Level
a - Sandblast             Erth           92%        2d19      1%          1
b - Stone Arrow           Conj/Erth      62%        3d10      2%          3
c - Petrify               Tmut/Erth      32%        N/A       8%          4
d - Magic Dart            Conj           64%        1d6       3%          1

Your spell library contained the following spells:

 Spells                   Type           Power      Damage    Failure   Level
 Passwall                 Tmut/Erth      26%        N/A       1%          2
 Sting                    Tmut/Pois      44%        1d5       6%          1
 Slow                     Hex            16%        N/A       12%         1
 Call Imp                 Summ           4%         N/A       19%         2
 Poisonous Vapours        Pois/Air       8%         N/A       19%         2
 Conjure Flame            Conj/Fire      10%        6-21      19%         3
 Mephitic Cloud           Conj/Pois/Air  8%         N/A       24%         3
 Inner Flame              Hex/Fire       4%         N/A       36%         3
 Cause Fear               Hex            2%         N/A       77%         4
 Olgreb's Toxic Radiance  Pois           4%         N/A       77%         4
 Iron Shot                Conj/Erth      15%        9d4       77%         6
 Enfeeble                 Hex            2%         N/A       100%        7
 Discord                  Hex            2%         N/A       100%        8


Dungeon Overview and Level Annotations

Branches:
Dungeon (6/15)             Temple (1/1) D:6

Altars:
Ashenzari
Cheibriados
Dithmenos
Fedhas
Hepliaklqana
Makhleb
Okawaru
Qazlal
Ru
Sif Muna
Vehumet
Wu Jian
The Shining One

Shops:
D:3 =

Annotations:
D:4 Menkaure


Innate Abilities, Weirdness & Mutations

You are immune to sickness and miasma.
Your stone body is resilient. (AC +6)
You are immune to poison.
You resist negative energy. (rN+)
You are resistant to electric shocks. (rElec)
You are resistant to unholy torment.
You are immune to petrification.


Message History

Confirm with . or Enter, or press ? or * to list all spells.
Aiming: Sandblast (safe; 1% risk of failure)
Press: ? - help, Shift-Dir - straight line, f - ice beast
Aim: an ice beast (85% to hit)
The blast of sand hits the ice beast.
The ice beast is lightly wounded.
The ice beast hits you but does no damage.
Unknown command.
Casting: Sandblast (safe; 1% risk of failure)
Confirm with . or Enter, or press ? or * to list all spells.
Aiming: Sandblast (safe; 1% risk of failure)
Press: ? - help, Shift-Dir - straight line, f/p - ice beast
Aim: an ice beast (lightly wounded, 85% to hit)
The blast of sand hits the ice beast!
The ice beast is severely wounded.
The ice beast hits you. The ice beast freezes you! The ice beast hits you.
The ice beast freezes you!
* * * LOW HITPOINT WARNING * * *
Unknown command.
Casting: Sandblast (safe; 1% risk of failure)
Confirm with . or Enter, or press ? or * to list all spells.
Aiming: Sandblast (safe; 1% risk of failure)
Press: ? - help, Shift-Dir - straight line, f/p - ice beast
Aim: an ice beast (severely wounded, 85% to hit)
The blast of sand hits the ice beast.
The ice beast is almost dead.
The ice beast hits you but does no damage.
Unknown command.
Casting: Sandblast (safe; 1% risk of failure)
Confirm with . or Enter, or press ? or * to list all spells.
Aiming: Sandblast (safe; 1% risk of failure)
Press: ? - help, Shift-Dir - straight line, f/p - ice beast
Aim: an ice beast (severely wounded, 85% to hit)
The blast of sand hits the ice beast!!
You kill the ice beast!
Vehumet accepts your kill. The ice beast hits you.
* * * LOW HITPOINT WARNING * * *
The ice beast freezes you!
You die...

######
#|#####.Y@.#
##+#...).##.#
#..#.#.#.##.#
#.. ...#....#
###########)##
#......#.....#
#.#..#.#.#.#.#
#
#..##..#..#..#
..###
#..##..#.#.#.#


You could see an ice beast.

Vanquished Creatures
  A troll (D:6)
  An ice beast (D:6)
  An orc warrior (D:6)
  A sky beast (D:5)
  4 ogres
  A centaur (D:6)
  2 phantoms (D:5)
  Blork the orc (D:4)
  A necrophage (D:4)
  2 gnoll sergeants
  A scorpion (D:4)
  2 jellies
  2 orc priests (D:4)
  A gnoll bouda (D:5)
  4 hounds
  6 iguanas
  4 orc wizards
  15 gnolls
  7 adders
  2 ufetubi
  2 worms
  10 dart slugs
  20 orcs
  6 bats
  9 endoplasms
  A giant cockroach (D:3)
  4 goblins
  5 hobgoblins
  2 quokkas
  6 ball pythons
  4 frilled lizards
  10 kobolds
  6 rats
144 creatures vanquished.

Notes
Turn   | Place    | Note
-------+----------+-------------------------------------------
     0 | D:1      | sweetbreads the Gargoyle Earth Elementalist began the quest
                  | for the Orb.
     0 | D:1      | Reached XP level 1. HP: 10/10 MP: 3/3
   156 | D:1      | Reached skill level 1 in Transmutations
   156 | D:1      | Reached XP level 2. HP: 16/16 MP: 0/5
   161 | D:1      | Reached skill level 4 in Earth Magic
   399 | D:1      | Reached XP level 3. HP: 20/20 MP: 4/6
   638 | D:1      | Found a faded altar of an unknown god.
   796 | D:2      | Reached skill level 1 in Fighting
  1473 | D:2      | Reached XP level 4. HP: 25/25 MP: 5/7
  1477 | D:2      | Learned a level 3 spell: Stone Arrow
  1926 | D:3      | Reached skill level 5 in Earth Magic
  2412 | D:3      | Found Jisin's Jewellery Shop.
  2598 | D:4      | Reached XP level 5. HP: 3/29 MP: 1/8
  2948 | D:3      | Found a sacrificial altar of Ru.
  3513 | D:4      | Reached skill level 6 in Earth Magic
  3513 | D:4      | Reached XP level 6. HP: 35/35 MP: 6/9
  3518 | D:4      | Learned a level 4 spell: Petrify
  3520 | D:4      | Learned a level 1 spell: Magic Dart
  4075 | D:4      | Reached XP level 7. HP: 40/40 MP: 5/10
  4200 | D:4      | Reached skill level 7 in Earth Magic
  4405 | D:4      | Got the Meditations on Cursed Outbursts
  4506 | D:4      | Noticed Menkaure
  4644 | D:4      | Noticed Blork the orc
  4661 | D:4      | Killed Blork the orc
  4814 | D:5      | Entered Level 5 of the Dungeon
  4844 | D:5      | Found a hazy altar of Hepliaklqana.
  4997 | D:5      | Reached skill level 1 in Conjurations
  4997 | D:5      | Reached skill level 8 in Earth Magic
  4997 | D:5      | Reached XP level 8. HP: 46/46 MP: 7/11
  5333 | D:5      | Reached skill level 9 in Earth Magic
  6079 | D:6      | Found a staircase to the Ecumenical Temple.
  6173 | D:3      | Bought a ring of protection from cold for 275 gold pieces
  6263 | Temple   | Entered the Ecumenical Temple
  6263 | Temple   | Found a transporter.
  6263 | Temple   | Found a transporter.
  6304 | Temple   | Found a transporter.
  6304 | Temple   | Found a transporter.
  6354 | Temple   | Became a worshipper of Vehumet
  6404 | D:6      | Reached XP level 9. HP: 41/52 MP: 5/13
  6609 | D:6      | Noticed a troll
  6642 | D:6      | Reached skill level 5 in Dodging
  6687 | D:6      | Killed a troll
  6694 | D:6      | Mangled by an ice beast

Illustrated notes

Levels and vault maps discovered:
D:1:      minmay_arrival_solitary_statue, layout_basic,
          dreamdust_ecumenical_altar_angels_and_demons, nicolae_eternal_life
D:2:      minmay_chambers_of_ones, layout_loops_corners
D:3:      layout_loops_ring, mainiacjoe_overflow_catwalk, serial_shops, shop,
          minmay_pentangle
D:4:      kennysheep_slugbush, layout_loops_corners, uniq_blork_the_orc,
          uniq_menkaure
D:5:      layout_cave_pods, mainiacjoe_overflow_chevrons, serial_column_ruins,
          column_ruins_columns_water, column_ruins_corridor_corner,
          column_ruins_grid_1, column_ruins_columns_T, column_ruins_grid_3,
          column_ruins_open_large
D:6:      minmay_clustersquares, layout_basic, dk_xom_monty_hall,
          minmay_temple_entry_tees
Temple:   hellmonk_temple_divided_pantheon

Skill      XL: |  1  2  3  4  5  6  7  8  9 |
---------------+----------------------------+-----
Transmutations | 1 2 3 |  3.6
Earth Magic    | 4 5 6 8 9 |  9.9
Fighting       | 1 2 3 4 |  4.0
Dodging        | 2 3 4 5 |  5.1
Stealth        | 3 4 |  4.0
Conjurations   | 1 2 3 |  3.0
Spellcasting   | 3 |  3.9

Action                   |  1- 3 |  4- 6 |  7- 9 || total
-------------------------+-------+-------+-------++-------
Melee: Short sword       |     6 |    21 |     9 ||    36
Throw: Dart              |       |       |     9 ||     9
 Cast: Sandblast         |    41 |    74 |   118 ||   233
       Magic Dart        |       |     1 |       ||     1
Armor: Robe              |     1 |    12 |    21 ||    34
Dodge: Dodged            |     3 |    27 |    26 ||    56
